Map: Kairos Junction LE

Players

pHARM - Winner!

  • Race: Zerg Zerg
  • League: Platinum
  • Spawn Location: 5:00

Azlan

  • Race: Terran Terran
  • League: Diamond
  • Spawn Location: 11:00

VOD

Have the link to the VOD?

Description

Time

  • Played on: Aug. 7, 2019, 11:24 p.m.
  • Length: 15:06
Show
View Real Time Build Order
Export as new Build Order

pHARM Zerg - Winner!

Build Orders: Hatch First, Brood Lord Corruptor 

Get SALT Encoding   

  12  0:01  Drone  
  13  0:08  Drone  
  14  0:24  Overlord  
  14  0:27  Extractor  
  13  0:32  Drone  
  17  0:42  Drone x2  
  17  1:01  Drone  
  17  1:03  Hatchery  
  17  1:17  Spawning Pool  
  17  1:18  Drone x2  
  18  1:36  Drone  
  18  1:38  Drone  
  20  1:46  Extractor  
  19  1:49  Drone  
  20  2:13  Drone  
  20  2:14  Drone, Queen  
  20  2:15  Queen  
  24  2:16  Overlord  
  24  2:20  Drone  
  27  2:28  Drone  
  28  2:47  Overlord, Drone  
  28  2:48  Drone x3  
  28  2:50  Lair  
  32  2:52  Queen  
  34  2:58  Overlord  
  34  3:07  Drone  
  34  3:09  Drone  
  34  3:11  Drone  
  37  3:23  Evolution Chamber  
  36  3:30  Evolution Chamber  
  35  3:34  Drone x6  
  35  3:35  Drone x2  
  43  3:44  Overlord, Drone  
  44  3:49  Extractor  
  44  3:50  Extractor  
  42  3:58  Hydralisk Den  
  42  4:01  Zerg Melee Weapons Level 1  
  41  4:04  Drone  
  41  4:05  Drone x5  
  47  4:25  Overlord x2, Drone  
  47  4:26  Drone x3  
  51  4:33  Grooved Spines  
  51  4:39  Overlord x3  
  51  4:42  Hatchery  
  51  4:45  Zerg Ground Armor Level 1  
  50  4:53  Hydralisk  
  50  4:56  Hydralisk  
  54  5:03  Spore Crawler x2  
  54  5:04  Spore Crawler  
  54  5:06  Spore Crawler  
  50  5:08  Drone x2, Spore Crawler x2  
  50  5:09  Drone  
  51  5:27  Pneumatized Carapace  
  51  5:40  Drone x3  
  51  5:41  Drone x4  
  58  5:44  Drone  
  58  5:45  Drone x5  
  58  5:48  Muscular Augments  
  64  5:57  Drone  
  64  6:00  Infestation Pit  
  64  6:16  Extractor  
  64  6:17  Extractor  
  62  6:19  Hydralisk x7  
  76  6:31  Baneling Nest  
  76  6:32  Drone  
  76  6:33  Drone x7  
  76  6:35  Spore Crawler  
  76  6:39  Spore Crawler  
  81  6:45  Drone x7  
  88  6:49  Drone  
  89  7:05  Spine Crawler  
  89  7:06  Spine Crawler  
  89  7:08  Drone  
  88  7:15  Overlord x2  
  88  7:18  Hydralisk x5  
  88  7:20  Overlord x2  
  98  7:24  Metabolic Boost  
  98  7:25  Hatchery  
  98  7:27  Centrifical Hooks  
  98  7:29  Extractor  
  96  7:47  Hydralisk  
  96  7:48  Hydralisk x10  
  96  7:49  Zergling x2  
  119  7:55  Drone  
  119  7:56  Drone x2  
  122  8:00  Zerg Melee Weapons Level 2  
  122  8:10  Infestation Pit  
  121  8:14  Hydralisk x3  
  121  8:15  Zergling x2  
  121  8:16  Zergling x4  
  130  8:20  Overlord x2  
  130  8:44  Zerg Ground Armor Level 2  
  130  8:47  Hive  
  130  9:01  Baneling  
  130  9:02  Overlord x3, Baneling x7  
  130  9:03  Overlord x3  
  130  9:04  Zergling x28  
  138  9:28  Queen x3  
  137  10:09  Spire  
  136  10:22  Extractor  
  136  10:26  Extractor  
  136  10:27  Zergling x24  
  136  10:28  Zergling x22  
  157  10:58  Zerg Melee Weapons Level 3  
  157  11:01  Adrenal Glands  
  157  11:13  Drone x2  
  157  11:14  Drone  
  157  11:17  Drone  
  157  11:18  Drone x7  
  166  11:19  Drone x2  
  166  11:23  Greater Spire  
  164  11:51  Baneling x16  
  164  11:52  Baneling x30  
  164  11:53  Zergling x2, Baneling x2  
  164  11:54  Zergling x22  
  148  12:36  Corruptor x2  
  148  12:37  Corruptor x12  
  148  12:39  Overlord x7  
  148  12:43  Zerg Flyer Armor Level 1  
  172  13:22  Overlord x3  
  172  13:25  Brood Lord x8  
  187  13:27  Overseer x2  
  187  13:30  Zergling x8  
  187  13:31  Zergling x2  
  187  13:32  Overlord x2  
  192  13:34  Overlord x2  
  192  13:35  Overlord x2  
  190  14:26  Corruptor  
  190  14:27  Corruptor x4  
  196  14:34  Swarm Host  
Show
View Real Time Build Order
Export as new Build Order

Azlan Terran 

Build Orders: 1/1/1, Liberator Opening 

Get SALT Encoding   

  12  0:01  SCV  
  13  0:13  SCV  
  14  0:17  Supply Depot  
  14  0:25  SCV  
  15  0:31  Refinery  
  15  0:41  Barracks  
  15  0:45  SCV  
  16  0:52  Refinery  
  16  0:57  SCV  
  17  1:10  SCV  
  18  1:22  SCV  
  19  1:29  Factory  
  19  1:32  Barracks Tech Lab  
  19  1:34  SCV  
  20  1:45  Supply Depot  
  20  1:46  SCV  
  21  1:58  SCV  
  22  2:10  SCV  
  22  2:11  Barracks Reactor  
  22  2:13  Starport  
  23  2:22  Siege Tank  
  26  2:54  Command Center  
  26  3:00  Viking  
  28  3:09  Viking  
  30  3:18  Orbital Command  
  30  3:37  Supply Depot  
  30  3:40  Liberator  
  30  3:50  Refinery  
  30  3:52  Refinery  
  33  4:03  Starport, Barracks Tech Lab  
  33  4:15  Supply Depot  
  33  4:18  SCV  
  34  4:30  SCV  
  35  4:34  Orbital Command  
  35  5:04  Viking x2  
  39  5:07  SCV  
  39  5:08  SCV  
  41  5:16  Armory  
  41  5:19  SCV  
  42  5:22  SCV  
  42  5:24  Supply Depot  
  42  5:28  Raven  
  43  5:32  SCV  
  46  5:37  SCV, Armory  
  47  5:51  Engineering Bay  
  47  5:53  SCV x2  
  49  6:05  SCV x2  
  51  6:16  Viking, Factory  
  51  6:17  SCV  
  54  6:23  Viking x2  
  54  6:24  Barracks Reactor  
  58  6:29  SCV x2  
  60  6:41  Missile Turret  
  60  6:45  Terran Ship Weapons Level 1, Terran Vehicle And Ship Armor Level 1  
  60  6:47  SCV x2  
  60  6:52  Drilling Claws  
  62  6:59  SCV  
  62  7:00  SCV  
  64  7:09  Siege Tank  
  64  7:11  SCV  
  64  7:12  SCV  
  64  7:13  Widow Mine x2  
  73  7:29  Command Center  
  73  7:34  Widow Mine x2  
  77  7:41  Starport  
  77  8:02  Barracks Reactor  
  77  8:05  Command Center  
  77  8:08  Viking x3  
  77  8:10  Smart Servos  
  83  8:15  Sensor Tower, Missile Turret  
  83  8:28  Missile Turret  
  83  8:31  Missile Turret  
  83  8:32  Missile Turret  
  83  9:16  Planetary Fortress  
  71  9:44  Viking x3  
  73  9:58  Widow Mine x3  
  79  10:01  Terran Ship Weapons Level 2  
  79  10:14  Viking x2  
  79  10:19  Widow Mine  
  79  10:20  Widow Mine  
  87  10:27  Refinery  
  87  10:28  Refinery  
  87  10:29  Missile Turret  
  87  10:33  Viking  
  87  10:35  Supply Depot  
  89  10:36  Missile Turret, Supply Depot x2  
  89  10:37  Supply Depot  
  89  10:38  Viking  
  89  10:39  Viking, Supply Depot  
  89  10:44  Viking x2  
  91  11:03  Raven  
  93  11:08  Viking  
  93  11:09  Viking  
  97  11:12  Siege Tank  
  97  11:14  Viking x2  
  97  11:18  Planetary Fortress  
  102  11:23  Neosteel Armor  
  102  11:28  Terran Vehicle Weapons Level 1  
  102  11:32  Factory  
  102  11:38  Viking  
  102  12:08  Widow Mine x2, Siege Tank  
  107  12:17  Terran Vehicle And Ship Armor Level 2  
  96  12:30  Widow Mine x2  
  96  12:40  Widow Mine  
  96  12:43  Factory Reactor  
  98  12:44  Raven  
  98  12:45  Viking  
  102  13:19  Refinery  
  102  13:20  Refinery  
  102  13:21  Supply Depot  
  102  13:22  Supply Depot  
  102  13:32  Command Center  
  102  13:42  Viking x4  
  102  13:44  Supply Depot  
  102  13:46  Supply Depot  
  110  14:12  Viking x3  
  112  14:26  Command Center  
  112  14:28  Viking x2  
Tags
 
Add a new tag
Caveats
  • Supply blocks, unpowered buildings, or Contaminate may cause inaccurate times.
  • Supply counts are checked every 10 seconds.